TOP OF THE 1ST |
Rocky Point HS Eagles batting - Pitching for Bishop Verot HS : RHP Tim Hernández
|
Pitching: RHP Tim Hernández
|
|
Batting: RHB Pedro Cháves
|
0-0: Bunt - Flyout! F2
|
Batting: RHB Jim Sharry
|
0-0: Called Strike 0-1: Ball 1-1: Ball 2-1: Ball 3-1: Called Strike 3-2: Foul Ball, location: 2F 3-2: Base on Balls
|
Batting: RHB Joe Lewis
|
0-0: Called Strike 0-1: Ball 1-1: Swinging Strike 1-2: Ball 2-2: Strikes out looking
|
Batting: SHB Andrés Coronado
|
0-0: Ball 1-0: Ball 2-0: Called Strike 2-1: Ball 3-1: Fly out, F6 (Popup, 56D)
|
Top of the 1st over - 0 run(s), 0 hit(s), 0 error(s), 1 left on base; Rocky Point HS 0 - Bishop Verot HS 0 |
BOTTOM OF THE 1ST |
Bishop Verot HS batting - Pitching for Rocky Point HS Eagles : RHP José Aguilar
|
Pitching: RHP José Aguilar
|
|
Batting: LHB Jim Hall
|
0-0: Called Strike 0-1: Ball 1-1: SINGLE (Groundball, 34S) (infield hit)
|
Batting: RHB Chris Seals
|
0-0: Ball 1-0: Ball 2-0: Ball 3-0: Base on Balls Jim Hall to second
|
Pitching: LHP Keith Burns
|
|
Batting: LHB Mitch Morales
|
0-0: Called Strike Chris Seals is caught stealing 2nd base 0-1: Foul Ball, location: 2F 0-2: Foul Ball, location: 2F 0-2: Fly out, F8 (Flyball, 8RM) Runner from 3rd tags up, SCORES, no throw
|
Batting: RHB Bob Fitzgerald
|
0-0: Ball 1-0: SINGLE (Line Drive, 8LS)
|
Batting: LHB Pedro Padilla
|
0-0: Swinging Strike 0-1: Ball 1-1: Swinging Strike 1-2: Ball 2-2: Foul Ball, location: 2F 2-2: Strikes out swinging
|
Bottom of the 1st over - 1 run(s), 2 hit(s), 0 error(s), 1 left on base; Rocky Point HS 0 - Bishop Verot HS 1 |
TOP OF THE 2ND |
Rocky Point HS Eagles batting - Pitching for Bishop Verot HS : RHP Tim Hernández
|
Batting: LHB Gus Price
|
0-0: SINGLE (Groundball, 4M)
|
Batting: RHB Fernando Pagán
|
0-0: Ball 1-0: Swinging Strike 1-1: Called Strike 1-2: Foul Ball, location: 2F 1-2: Strikes out swinging
|
Batting: RHB John Lindsey
|
0-0: Swinging Strike 0-1: Fly out, F9 (Line Drive, 9S)
|
Batting: RHB Dave Burkholder
|
0-0: Ball Gus Price is caught stealing 2nd base
|
Top of the 2nd over - 0 run(s), 1 hit(s), 0 error(s), 0 left on base; Rocky Point HS 0 - Bishop Verot HS 1 |
BOTTOM OF THE 2ND |
Bishop Verot HS batting - Pitching for Rocky Point HS Eagles : LHP Keith Burns
|
Batting: RHB Bill Ford
|
0-0: Called Strike 0-1: Ball 1-1: Fly out, F1 (Popup, 23)
|
Batting: RHB Carlos Sánchez
|
0-0: Ground out 5-3 (Groundball, 5)
|
Batting: RHB George Lutz
|
0-0: Ground out 5-3 (Groundball, 5S)
|
Bottom of the 2nd over - 0 run(s), 0 hit(s), 0 error(s), 0 left on base; Rocky Point HS 0 - Bishop Verot HS 1 |
TOP OF THE 3RD |
Rocky Point HS Eagles batting - Pitching for Bishop Verot HS : RHP Tim Hernández
|
Batting: RHB Dave Burkholder
|
0-0: Ball 1-0: Called Strike 1-1: Ball 2-1: Ball 3-1: Foul Ball, location: 2F 3-2: SOLO HOME RUN (Flyball, 78XD), Distance : 399 ft
|
Batting: RHB Ramón Garza
|
0-0: Ball 1-0: Ball 2-0: Called Strike 2-1: Bunt missed! 2-2: Ball 3-2: Fly out, F2 (Popup, 25)
|
Batting: RHB Pedro Cháves
|
0-0: Ball 1-0: Swinging Strike 1-1: Foul Ball, location: 2F 1-2: Strikes out swinging
|
Batting: RHB Jim Sharry
|
0-0: Fly out, F8 (Flyball, 8RS)
|
Top of the 3rd over - 1 run(s), 1 hit(s), 0 error(s), 0 left on base; Rocky Point HS 1 - Bishop Verot HS 1 |
BOTTOM OF THE 3RD |
Bishop Verot HS batting - Pitching for Rocky Point HS Eagles : LHP Keith Burns
|
Batting: RHB Carson Allen
|
0-0: Ground out 1-3 (Groundball, 15S)
|
Batting: LHB Jim Hall
|
0-0: Swinging Strike 0-1: SINGLE (Groundball, 6M)
|
Batting: RHB Chris Seals
|
0-0: Ball 1-0: Called Strike 1-1: Foul Ball, location: 2F 1-2: Ball 2-2: Ball 3-2: Foul Ball, location: 2F 3-2: Strikes out swinging
|
Batting: LHB Mitch Morales
|
0-0: Ball 1-0: Fly out, F6 (Popup, 6D)
|
Bottom of the 3rd over - 0 run(s), 1 hit(s), 0 error(s), 1 left on base; Rocky Point HS 1 - Bishop Verot HS 1 |
TOP OF THE 4TH |
Rocky Point HS Eagles batting - Pitching for Bishop Verot HS : RHP Tim Hernández
|
Batting: RHB Joe Lewis
|
0-0: Called Strike 0-1: Ball 1-1: Ball 2-1: Swinging Strike 2-2: Ball 3-2: Reached on Error, E9 (Flyball, 9M)
|
Batting: SHB Andrés Coronado
|
0-0: Ground out U3 (Groundball, 3S) Joe Lewis to second
|
Batting: LHB Gus Price
|
0-0: Ball 1-0: Ground out 4-3 (Groundball, 4) Joe Lewis to third
|
Batting: RHB Fernando Pagán
|
0-0: Ball 1-0: Called Strike 1-1: Ball 2-1: Fly out, F3 (Popup, 3)
|
Top of the 4th over - 0 run(s), 0 hit(s), 1 error(s), 1 left on base; Rocky Point HS 1 - Bishop Verot HS 1 |
BOTTOM OF THE 4TH |
Bishop Verot HS batting - Pitching for Rocky Point HS Eagles : LHP Keith Burns
|
Batting: RHB Bob Fitzgerald
|
0-0: DOUBLE (Flyball, 7LS)
|
Batting: LHB Pedro Padilla
|
0-0: Ball 1-0: Ground out 4-3 (Groundball, 4) Bob Fitzgerald to third
|
Batting: RHB Bill Ford
|
0-0: Ball 1-0: SINGLE (Line Drive, 7S) Bob Fitzgerald scores
|
Batting: RHB Carlos Sánchez
|
0-0: Called Strike 0-1: Swinging Strike 0-2: 2-RUN HOME RUN (Flyball, 89XD), Distance : 396 ft
|
Batting: RHB George Lutz
|
0-0: Called Strike 0-1: Swinging Strike 0-2: Ball 1-2: SINGLE (Line Drive, 9S)
|
Batting: RHB Carson Allen
|
0-0: Ball 1-0: Called Strike 1-1: Called Strike 1-2: Strikes out swinging
|
Batting: LHB Jim Hall
|
0-0: Foul Ball, location: 2F 0-1: Swinging Strike 0-2: Strikes out swinging
|
Bottom of the 4th over - 3 run(s), 4 hit(s), 0 error(s), 1 left on base; Rocky Point HS 1 - Bishop Verot HS 4 |
TOP OF THE 5TH |
Rocky Point HS Eagles batting - Pitching for Bishop Verot HS : RHP Tim Hernández
|
Batting: RHB John Lindsey
|
0-0: Ball 1-0: Ball 2-0: Ball 3-0: Base on Balls
|
Batting: RHB Dave Burkholder
|
0-0: Called Strike 0-1: Ball 1-1: Ball 2-1: Swinging Strike 2-2: Strikes out swinging
|
Batting: RHB Ramón Garza
|
0-0: Ball 1-0: Fly out, F8 (Flyball, 8RM)
|
Batting: RHB Pedro Cháves
|
0-0: Called Strike 0-1: Ball 1-1: Ball 2-1: Swinging Strike 2-2: Strikes out swinging
|
Top of the 5th over - 0 run(s), 0 hit(s), 0 error(s), 1 left on base; Rocky Point HS 1 - Bishop Verot HS 4 |
BOTTOM OF THE 5TH |
Bishop Verot HS batting - Pitching for Rocky Point HS Eagles : LHP Keith Burns
|
Batting: RHB Chris Seals
|
0-0: Foul Ball, location: 2F 0-1: Ball 1-1: Ball 2-1: Ball 3-1: Base on Balls
|
Pitching: RHP Gary Thompson
|
|
Batting: LHB Mitch Morales
|
0-0: Called Strike 0-1: Fielders Choice at 2nd, 5-4 (Groundball, 56)
|
Batting: RHB Bob Fitzgerald
|
0-0: Ball 1-0: Foul Ball, location: 2F 1-1: Foul Ball, location: 2F 1-2: Reached on error, E5 (Groundball, 56S) Mitch Morales to third
|
Batting: LHB Pedro Padilla
|
0-0: Foul Ball, location: 2F 0-1: Ground out 4-3 (Groundball, 4)
|
Batting: RHB Bill Ford
|
0-0: Ground out U3 (Groundball, 3L)
|
Bottom of the 5th over - 0 run(s), 0 hit(s), 1 error(s), 2 left on base; Rocky Point HS 1 - Bishop Verot HS 4 |
TOP OF THE 6TH |
Rocky Point HS Eagles batting - Pitching for Bishop Verot HS : RHP Tim Hernández
|
Batting: RHB Jim Sharry
|
0-0: Foul Ball, location: 2F 0-1: Swinging Strike 0-2: Ball 1-2: Fly out, F8 (Flyball, 8RM)
|
Batting: RHB Joe Lewis
|
0-0: Ground out U3 (Groundball, 3S)
|
Batting: SHB Andrés Coronado
|
0-0: Fly out, F7 (Flyball, 7D)
|
Top of the 6th over - 0 run(s), 0 hit(s), 0 error(s), 0 left on base; Rocky Point HS 1 - Bishop Verot HS 4 |
BOTTOM OF THE 6TH |
Bishop Verot HS batting - Pitching for Rocky Point HS Eagles : RHP Gary Thompson
|
Batting: RHB Carlos Sánchez
|
0-0: Ground out 6-3 (Groundball, 6)
|
Batting: RHB George Lutz
|
0-0: Swinging Strike 0-1: Foul Ball, location: 2F 0-2: Ball 1-2: Reached on error, E5 (Groundball, 56S)
|
Batting: RHB Carson Allen
|
0-0: Called Strike 0-1: SINGLE (Flyball, 4D) George Lutz to third
|
Batting: LHB Jim Hall
|
0-0: Ball 1-0: Called Strike 1-1: SINGLE (Line Drive, 8RM) George Lutz scores Carson Allen to second
|
Batting: RHB Chris Seals
|
0-0: Called Strike 0-1: Ball 1-1: Called Strike 1-2: Ball 2-2: Ball 3-2: Fly out, F8 (Flyball, 8RS)
|
Batting: LHB Mitch Morales
|
0-0: Called Strike 0-1: Ground out 1-3 (Groundball, 13)
|
Bottom of the 6th over - 1 run(s), 2 hit(s), 1 error(s), 2 left on base; Rocky Point HS 1 - Bishop Verot HS 5 |
TOP OF THE 7TH |
Rocky Point HS Eagles batting - Pitching for Bishop Verot HS : RHP Tim Hernández
|
Batting: LHB Gus Price
|
0-0: Ball 1-0: Swinging Strike 1-1: Swinging Strike 1-2: Strikes out swinging
|
Pitching: RHP Joe Watson
|
|
Batting: RHB Fernando Pagán
|
0-0: Fly out, F9 (Flyball, 89S)
|
Batting: RHB John Lindsey
|
0-0: Called Strike 0-1: Fly out, F5 (Popup, 25F)
|
Top of the 7th over - 0 run(s), 0 hit(s), 0 error(s), 0 left on base; Rocky Point HS 1 - Bishop Verot HS 5 |
BOTTOM OF THE 7TH |
Bishop Verot HS batting - Pitching for Rocky Point HS Eagles : RHP Gary Thompson
|
Pitching: RHP Nick Cox
|
|
Batting: RHB Bob Fitzgerald
|
0-0: Swinging Strike 0-1: Ball 1-1: Fly out, F8 (Flyball, 8RXD)
|
Batting: LHB Pedro Padilla
|
0-0: Ball 1-0: Foul Ball, location: 2F 1-1: Ball 2-1: Foul Ball, location: 2F 2-2: Ball 3-2: Base on Balls
|
Batting: RHB Bill Ford
|
0-0: Called Strike 0-1: Fly out, F1 (Line Drive, 13)
|
Batting: RHB Carlos Sánchez
|
0-0: Ball 1-0: Ball 2-0: Called Strike 2-1: Swinging Strike 2-2: Ball 3-2: Strikes out swinging
|
Bottom of the 7th over - 0 run(s), 0 hit(s), 0 error(s), 1 left on base; Rocky Point HS 1 - Bishop Verot HS 5 |
TOP OF THE 8TH |
Rocky Point HS Eagles batting - Pitching for Bishop Verot HS : RHP Joe Watson
|
Batting: RHB Dave Burkholder
|
0-0: Ball 1-0: Ball 2-0: Ball 3-0: Called Strike 3-1: Called Strike 3-2: Strikes out swinging
|
Batting: RHB Ramón Garza
|
0-0: Bunt missed! 0-1: Fly out, F2 (Popup, 2RF)
|
Batting: RHB Pedro Cháves
|
0-0: Ball 1-0: Foul Ball, location: 2F 1-1: DOUBLE (Flyball, 78M)
|
Batting: RHB Jim Sharry
|
0-0: Ball 1-0: Called Strike 1-1: Swinging Strike 1-2: Ball 2-2: Ball 3-2: Fly out, F2 (Popup, 23F)
|
Top of the 8th over - 0 run(s), 1 hit(s), 0 error(s), 1 left on base; Rocky Point HS 1 - Bishop Verot HS 5 |
BOTTOM OF THE 8TH |
Bishop Verot HS batting - Pitching for Rocky Point HS Eagles : RHP Nick Cox
|
Batting: RHB George Lutz
|
0-0: Reached on error, E6 (Groundball, 6)
|
Batting: RHB Carson Allen
|
0-0: SINGLE (Line Drive, 78M) George Lutz to second
|
Batting: LHB Jim Hall
|
0-0: SINGLE (Flyball, 7S) George Lutz to third Carson Allen to second Runner from 3rd tries for Home, throw and OUT! Carson Allen to third Jim Hall to second
|
Batting: RHB Chris Seals
|
0-0: Called Strike 0-1: Reached on error, E5 (Groundball, 5) Carson Allen scores Jim Hall to third
|
Batting: LHB Mitch Morales
|
0-0: Swinging Strike 0-1: Swinging Strike 0-2: Foul Ball, location: 2F 0-2: Fly out, F6 (Line Drive, 6)
|
Batting: RHB Bob Fitzgerald
|
0-0: Ball 1-0: Swinging Strike 1-1: Foul Ball, location: 2F 1-2: Ball 2-2: Strikes out swinging
|
Bottom of the 8th over - 1 run(s), 2 hit(s), 2 error(s), 2 left on base; Rocky Point HS 1 - Bishop Verot HS 6 |
TOP OF THE 9TH |
Rocky Point HS Eagles batting - Pitching for Bishop Verot HS : RHP Joe Watson
|
Pitching: RHP Marcos Lozano
|
|
Now at 1B: Stuart Mitchell
|
|
Batting: RHB Joe Lewis
|
0-0: Ball 1-0: Ball 2-0: Ball 3-0: Called Strike 3-1: Foul Ball, location: 2F 3-2: DOUBLE (Flyball, 89XD)
|
Batting: SHB Andrés Coronado
|
0-0: Swinging Strike 0-1: Ball 1-1: Ball 2-1: Ball 3-1: Called Strike 3-2: Fly out, F4 (Popup, 4D)
|
Batting: LHB Gus Price
|
0-0: Called Strike 0-1: Foul Ball, location: 2F 0-2: Ball 1-2: Foul Ball, location: 2F 1-2: Ball 2-2: SINGLE (Flyball, 78M) Joe Lewis to third
|
Batting: RHB Fernando Pagán
|
0-0: Foul Ball, location: 2F 0-1: Foul Ball, location: 2F 0-2: Foul Ball, location: 2F 0-2: Foul Ball, location: 2F 0-2: Foul Ball, location: 2F 0-2: SINGLE (Line Drive, 89M) Joe Lewis scores Gus Price to second
|
Batting: RHB John Lindsey
|
0-0: Called Strike 0-1: Called Strike 0-2: Foul Ball, location: 2F 0-2: Strikes out swinging
|
Batting: RHB Dave Burkholder
|
0-0: DOUBLE (Flyball, 8LXD) Gus Price scores Fernando Pagán to third Runner from 3rd tries for Home, SAFE, throw made home
|
Pitching: RHP Chris Hamilton
|
|
Pinch Hitting: SHB Josh Conner
|
0-0: Called Strike 0-1: Ball Wild Pitch! Dave Burkholder to third 1-1: Ball 2-1: Ball 3-1: Foul Ball, location: 2F 3-2: Base on Balls
|
Batting: RHB Pedro Cháves
|
0-0: Called Strike 0-1: 3-RUN HOME RUN (Flyball, 7D), Distance : 386 ft
|
Batting: RHB Jim Sharry
|
0-0: Called Strike 0-1: Called Strike 0-2: Foul Ball, location: 2F 0-2: Foul Ball, location: 2F 0-2: Ball 1-2: Strikes out swinging
|
Top of the 9th over - 6 run(s), 5 hit(s), 0 error(s), 0 left on base; Rocky Point HS 7 - Bishop Verot HS 6 |
BOTTOM OF THE 9TH |
Bishop Verot HS batting - Pitching for Rocky Point HS Eagles : RHP Nick Cox
|
Pitching: RHP Roy Jordan
|
|
Now at SS: Andrew Pinto
|
|
Batting: LHB Pedro Padilla
|
0-0: Ball 1-0: Ball 2-0: Called Strike 2-1: Swinging Strike 2-2: Foul Ball, location: 2F 2-2: Foul Ball, location: 2F 2-2: Foul Ball, location: 2F 2-2: Ground out 4-3 (Groundball, 4)
|
Batting: RHB Bill Ford
|
0-0: Called Strike 0-1: Foul Ball, location: 2F 0-2: Foul Ball, location: 2F 0-2: Ball 1-2: Foul Ball, location: 2F 1-2: Ball 2-2: Strikes out swinging
|
Batting: RHB Carlos Sánchez
|
0-0: Ball 1-0: Ball 2-0: Called Strike 2-1: Ball 3-1: Foul Ball, location: 2F 3-2: Foul Ball, location: 2F 3-2: Strikes out swinging
|
Bottom of the 9th over - 0 run(s), 0 hit(s), 0 error(s), 0 left on base; Rocky Point HS 7 - Bishop Verot HS 6 |
|